 Dungeon Crawl Stone Soup version 0.18.1-48-g4cf74bf (webtiles) character file.

6156 Kisielow the Destroyer (level 10, -2/55 (56) HPs)
             Began as a Deep Elf Conjurer on June 25, 2016.
             Slain by a yak (4 damage)
             ... on level 8 of the Dungeon.
             The game lasted 00:39:12 (11036 turns).

Kisielow the Destroyer (Deep Elf Conjurer)         Turns: 11036, Time: 00:39:12

HP:   -2/55 (56)    AC:  8    Str:  9    XL:     10   Next: 60%
MP:   9/16          EV: 15    Int: 27    God:
Gold: 539           SH:  0    Dex: 15    Spells: 3 memorised, 7 levels left

rFire  + . .     SeeInvis .     E - staff of summoning
rCold  . . .     Gourm    .     q - +1 robe of Neig {Int+3} (curse)
rNeg   + . .     Faith    .     (no shield)
rPois  +         Spirit   .     (helmet restricted)
rElec  .         Dismiss  .     h - +2 cloak {MR+}
rCorr  .         Reflect  .     (no gloves)
SustAt .         Harm     .     (no boots)
MR     ++...                    (no amulet)
Stlth  ++........               A - ring of poison resistance
                                p - ring of positive energy

@: very resistant to hostile enchantments, unstealthy
A: antennae 1, talons 2, yellow scales 1, clever 1, fire resistance 1, strong 1,
wild magic 3
a: no special abilities


You were on level 8 of the Dungeon.
You were near starving.

You visited 2 branches of the dungeon, and saw 10 of its levels.
You also visited: Ossuary.

You collected 539 gold pieces.

Inventory:

Hand Weapons
 t - a +2 dagger of holy wrath
Armour
 h - a +2 cloak of magic resistance (worn)
 o - a +0 mottled dragon armour
 q - the cursed +1 robe of Neig (worn) {Int+3}
   (You found it on level 6 of the Dungeon)

   It affects your intelligence (+3).
   It has a curse placed upon it.
Magical Staves
 E - an uncursed staff of summoning (weapon)
Jewellery
 m - an uncursed ring of magical power {unknown}
 p - a ring of positive energy (left hand)
 r - an uncursed amulet of faith
 A - a ring of poison resistance (right hand)
Wands
 n - a wand of iceblast (4/15)
 y - a wand of digging (13/24)
 C - a wand of random effects (20/48)
Scrolls
 a - 2 scrolls of magic mapping
 e - 6 scrolls of remove curse
 j - a scroll of amnesia
 k - a scroll of recharging
Potions
 d - 3 potions of heal wounds
 f - 3 potions of curing
 g - a potion of degeneration {unknown}
 u - a potion of flight
 w - 2 potions of might
 z - a potion of agility
Books
 b - a book of Conjurations

   Spells                             Type                      Level
   a - Magic Dart                     Conjuration                  1
   b - Searing Ray                    Conjuration                  2
   c - Dazzling Spray                 Conjuration/Hexes            3
   d - Fulminant Prism                Conjuration/Hexes            4
   e - Iskenderun's Mystic Blast      Conjuration                  4
   f - Iskenderun's Battlesphere      Conjuration/Charms           5
Comestibles
 c - 4 bread rations
 i - 4 meat rations
 l - 2 beef jerkies
 s - 26 fruits
 B - a royal jelly


   Skills:
 - Level 3.0 Fighting
 - Level 5.0 Dodging
 - Level 2.4 Stealth
 - Level 3.0 Spellcasting
 * Level 14.0 Conjurations
 - Level 11.3 Charms


You had 7 spell levels left.
You knew the following spells:

 Your Spells              Type           Power        Failure   Level  Hunger
a - Magic Dart            Conj           ####         1%          1    None
b - Searing Ray           Conj           ######       1%          2    #......
q - Iskenderun's Battles  Conj/Chrm      #######.     8%          5    ######.


Dungeon Overview and Level Annotations

Branches:
Dungeon (9/15)             Temple (1/1) D:7
   Lair: D:8-11         Orc: D:9-12

Altars:
Ashenzari
Cheibriados
Elyvilon
Fedhas
Gozag
Kikubaaqudgha
Makhleb
Nemelex Xobeh
Okawaru
Pakellas
Qazlal
Ru
Sif Muna
Trog
Yredelemnul
The Shining One

Shops:
D:5 }   D:7 [((


Innate Abilities, Weirdness & Mutations

You have a pair of small antennae on your head.
You have razor-sharp toenails.
You are partially covered in yellow scales (AC +2).
Your mind is acute. (Int +2)
Your flesh is heat resistant.
Your muscles are strong. (Str +2)
Your spells are much harder to cast, but much more powerful.


Message History

Your battlesphere fires!
The barrage of energy hits the yak.
The yak is heavily wounded.
The yak misses you. The yak barely misses you. The yak completely misses you.
Casting: Magic Dart
Confirm with . or Enter, or press ? or * to list all spells.
Aiming: Magic Dart
Press: ? - help, Shift-Dir - straight line, f/p - yak
Aim: a yak (heavily wounded)
The magic dart hits the yak.
The yak is heavily wounded.
Your battlesphere fires!
The barrage of energy hits the yak.
The yak is severely wounded.
The yak gores you!
* * * LOW HITPOINT WARNING * * *
The yak gores you!
* * * LOW HITPOINT WARNING * * *
The yak gores you.
You die...

♣.♣♣.♣.♣♣.♣..........#
♣.)..♣♣.♣.♣..........#
♣._.♣♣♣.♣.♣..........#
♣♣...♣♣.♣.♣....).....#
♣♣♣♣♣♣♣.♣♣..........#
♣♣♣..........##
#...........#
##.Y.........#
##.@Y.........#
##*.[Y....(....##
##..!.##.....##..##
#....####....###..##
#.#### ###### ###.#
### ###


You could see 3 yaks and a friendly battlesphere.

Vanquished Creatures
  Erolcha (D:8)
  The ghost of Gargoyl the Covered, a novice DsAK of Lugonu (D:8)
  The ghost of loom the Conjurer, an amateur DECj (Ossuary)
  2 yaks (D:9)
  2 wyverns (D:8)
  A hippogriff (D:8)
  2 water moccasins
  5 sky beasts
  2 necrophages
  2 orc warriors
  A black bear (D:8)
  3 ogres
  2 phantoms
  2 centaurs
  2 elf zombies (Ossuary)
  4 giant frogs
  A water moccasin skeleton (D:8)
  2 scorpions
  10 wights
  2 howler monkeys
  2 crimson imps
  A centaur zombie (Ossuary)
  4 hounds
  A giant frog zombie (D:7)
  4 jellies
  2 centaur skeletons
  An orc priest (D:5)
  A human zombie (Ossuary)
  2 iguanas
  5 orc wizards
  6 worker ants
  2 killer bee zombies
  3 big kobold zombies (Ossuary)
  A hound zombie (Ossuary)
  3 mummies (Ossuary)
  A worker ant zombie (D:6)
  A howler monkey zombie (D:6)
  A howler monkey skeleton (D:4)
  3 gnolls (D:2)
  8 adders
  A shadow imp (D:7)
  4 oozes
  2 adder zombies
  2 adder skeletons
  5 worms
  7 giant geckos
  25 orcs
  7 giant cockroaches
  3 gnoll zombies (Ossuary)
  10 goblins
  7 hobgoblins
  12 jackals
  9 kobolds
  2 quokkas
  8 bats
  A giant gecko skeleton (D:6)
  7 giant newts
  3 goblin zombies (Ossuary)
  7 hobgoblin zombies (Ossuary)
  3 jackal zombies (Ossuary)
  2 kobold zombies (Ossuary)
  3 quokka zombies (Ossuary)
  9 rats
239 creatures vanquished.

Vanquished Creatures (others)
  Erica (D:9)
  A scorpion (D:9)
  A giant frog zombie (D:9)
3 creatures vanquished.

Grand Total: 242 creatures vanquished

Notes
Turn   | Place    | Note
--------------------------------------------------------------
     0 | D:1      | Kisielow the Deep Elf Conjurer began the quest for the Orb.
     0 | D:1      | Reached XP level 1. HP: 10/10 MP: 6/6
    84 | D:1      | Reached XP level 2. HP: 15/15 MP: 1/8
   156 | D:1      | Reached skill level 5 in Conjurations
   420 | D:1      | Learned a level 2 spell: Searing Ray
   512 | D:1      | Reached XP level 3. HP: 19/19 MP: 5/9
  1393 | D:2      | Reached skill level 6 in Conjurations
  1577 | D:2      | Reached XP level 4. HP: 24/24 MP: 0/10
  1785 | D:2      | Found a snail-covered altar of Cheibriados.
  2506 | D:3      | Reached XP level 5. HP: 28/28 MP: 6/11
  2510 | D:3      | Reached skill level 7 in Conjurations
  2764 | D:3      | Learned a level 5 spell: Iskenderun's Battlesphere
  2787 | D:3      | Found a bloodstained altar of Trog.
  3016 | D:3      | Reached skill level 1 in Charms
  3282 | D:4      | Found a sand-covered staircase.
  3296 | Ossuary  | Entered an ossuary
  3435 | Ossuary  | Reached skill level 5 in Charms
  3435 | Ossuary  | Reached XP level 6. HP: 22/32 MP: 3/12
  3563 | Ossuary  | Noticed loom's ghost (amateur DECj)
  3874 | Ossuary  | Killed loom's ghost
  3874 | Ossuary  | Reached XP level 7. HP: 5/36 MP: 1/13
  5149 | D:4      | Reached skill level 10 in Charms
  5697 | D:5      | Entered Level 5 of the Dungeon
  5706 | D:5      | Reached XP level 8. HP: 41/41 MP: 3/14
  5725 | D:4      | Gained mutation: Your mind is acute. (Int +2) [potion of mutation]
  5725 | D:4      | Gained mutation: Your flesh is heat resistant. [potion of mutation]
  6102 | D:5      | Gained mutation: Your spells are a little harder to cast, but a little more powerful. [mutagenic meat]
  6103 | D:5      | Gained mutation: Your muscles are strong. (Str +2) [mutagenic meat]
  6104 | D:5      | Gained mutation: Your spells are harder to cast, but more powerful. [mutagenic meat]
  6106 | D:5      | Gained mutation: You have a pair of small antennae on your head. [mutagenic meat]
  6173 | D:5      | Reached skill level 1 in Fighting
  6379 | D:5      | Found a sparkling altar of Nemelex Xobeh.
  6593 | D:5      | Reached skill level 8 in Conjurations
  6602 | D:5      | Gained mutation: You have sharp toenails. [mutagenic meat]
  6603 | D:5      | Gained mutation: Your spells are much harder to cast, but much more powerful. [mutagenic meat]
  6833 | D:5      | Found Wumur's Gadget Shop.
  7078 | D:6      | Got a brightly glowing robe
  7089 | D:6      | Identified the cursed +1 robe of Neig {Int+3} (You found it on level 6 of the Dungeon)
  7314 | D:6      | Reached XP level 9. HP: 49/49 MP: 2/15
  7584 | D:6      | Reached skill level 9 in Conjurations
  7601 | D:6      | Reached skill level 5 in Dodging
  7896 | D:6      | Gained mutation: Your body sometimes deteriorates upon taking damage. [potion of mutation]
  7896 | D:6      | Lost mutation: Your body sometimes deteriorates upon taking damage. [potion of mutation]
  7897 | D:6      | Lost mutation: Your spells are much harder to cast, but much more powerful. [potion of mutation]
  7990 | D:7      | Found Jauwk's Antique Armour Emporium.
  8260 | D:7      | Reached skill level 10 in Conjurations
  8395 | D:7      | Found Seskonee's Weapon Shop.
  8936 | D:7      | Found a staircase to the Ecumenical Temple.
  8942 | Temple   | Entered the Ecumenical Temple
  9243 | D:7      | Found Pathraano's Antique Weapon Shoppe.
  9400 | D:7      | Reached skill level 11 in Conjurations
  9664 | D:8      | Found a blossoming altar of Fedhas.
  9965 | D:8      | Gained mutation: You have razor-sharp toenails. [mutagenic meat]
  9967 | D:8      | Gained mutation: Your spells are much harder to cast, but much more powerful. [mutagenic meat]
  9972 | D:8      | Noticed Erolcha
  9980 | D:8      | Gained mutation: You are partially covered in yellow scales (AC +2). [potion of beneficial mutation]
 10013 | D:8      | Paralysed by something for 2 turns
 10096 | D:8      | Killed Erolcha
 10096 | D:8      | Reached skill level 12 in Conjurations
 10096 | D:8      | Reached XP level 10. HP: 36/55 MP: 7/16
 10262 | D:8      | Noticed Gargoyl's ghost (novice DsAK)
 10270 | D:8      | Killed Gargoyl's ghost
 10270 | D:8      | Reached skill level 13 in Conjurations
 10531 | D:8      | Found a blossoming altar of Fedhas.
 10921 | D:9      | Killed Erica
 10927 | D:9      | Reached skill level 14 in Conjurations
 11036 | D:8      | HP: 2/55 [yak (14)]
 11036 | D:8      | Slain by a yak

Skill      XL: |  1  2  3  4  5  6  7  8  9 10 |
---------------+-------------------------------+-----
Conjurations   | 5 6 7 8 12 14 | 14.0
Charms         | 5 7 10 11 | 11.3
Dodging        | 4 5 |  5.0
Fighting       | 2 3 |  3.0
Stealth        | |  2.4
Spellcasting   | |  3.0

Action                   |  1- 3 |  4- 6 |  7- 9 | 10-12 || total
-------------------------+-------+-------+-------+-------++-------
Melee: Dagger            |       |    49 |    89 |       ||   138
       Unarmed           |       |     9 |       |       ||     9
       Kick              |       |       |     3 |       ||     3
 Cast: Magic Dart        |    98 |    81 |   216 |    41 ||   436
       Searing Ray       |     1 |    15 |     8 |     1 ||    25
       Iskenderun's Batt |       |       |    38 |     9 ||    47
Evoke: Wand              |       |       |     1 |     3 ||     4
  Use: Scroll            |     1 |     8 |    10 |       ||    19
       Potion            |       |       |     9 |       ||     9
 Stab: Sleeping          |       |       |     1 |       ||     1
  Eat: Chunk             |     2 |     5 |    39 |     4 ||    50
       Fruit             |       |     1 |     2 |       ||     3
       Bread ration      |       |     1 |       |       ||     1
       Pizza             |       |       |     2 |       ||     2
       Beef jerky        |       |       |     1 |       ||     1
Armor: Robe              |     3 |     2 |     9 |     5 ||    19
       Mottled dragon ar |       |    35 |    35 |       ||    70
       Skin              |       |       |     8 |       ||     8
Dodge: Dodged            |     4 |    38 |    78 |    13 ||   133
